 Dungeon Crawl Stone Soup version 0.27-a0-899-ge2d0b17c59 (webtiles) character file.

Game seed: 15122771417215451438

52 robertstho the Magician (level 3, 0/26 HPs)
             Began as a Djinni Ice Elementalist on Apr 5, 2021.
             Slain by a gnoll
             ... wielding a +0 halberd
              (7 damage)
             ... on level 2 of the Dungeon.
             The game lasted 00:01:52 (2278 turns).

robertstho the Magician (Djinni Ice Elementalist)   Turns: 2278, Time: 00:01:53

Health: 0/26       AC:  2    Str:  7    XL:     3   Next: 85%
Gold:   60         EV: 12    Int: 17    God:
                   SH:  0    Dex: 13

rFire    + + .     SeeInvis .   l - +0 short sword (protect)
rCold    x . .     Faith    .   (no shield)
rNeg     . . .     Spirit   .   a - +0 robe
rPois    ∞         Reflect  .   (no helmet)
rElec    .         Harm     .   (no cloak)
rCorr    .         Rampage  .   (no gloves)
Will     .....                  (boots unavailable)
Stlth    ++........             (no amulet)
HPRegen  0.08/turn              (no ring)
MPRegen  0.00/turn              (no ring)

@: frozen ramparts, flying
A: fire resistance 2, cold vulnerability 1, float, innate caster, hp casting,
extra vitality 1
a: no special abilities


You were on level 2 of the Dungeon.
You visited 1 branch of the dungeon, and saw 2 of its levels.

You collected 60 gold pieces.

Inventory:

Hand Weapons
 l - a +0 short sword of protection (weapon)
 m - a +2 dagger of speed
Armour
 a - a +0 robe (worn)
Scrolls
 b - 4 scrolls of enchant armour {unknown}
 d - a scroll of identify {unknown}
 f - a scroll of immolation {unknown}
 i - a scroll of teleportation {unknown}
Potions
 c - a potion of mutation {unknown}
 e - a potion of flight {unknown}
 g - a potion of ambrosia {unknown}
 h - a potion of curing {unknown}
 k - a potion of berserk rage {unknown}
 n - a potion of heal wounds {unknown}


   Skills:
 * Level 0.7 Fighting
 + Level 2.2 Dodging
 + Level 1.6 Stealth
 + Level 0.2 Unarmed Combat
 * Level 4.5 Spellcasting


You couldn't memorise any spells.
You knew the following spells:

 Your Spells              Type           Power      Damage    Failure   Level
a - Freeze                Ice            76%        1d9       2%          1
b - Frozen Ramparts       Ice            38%        1d5       7%          3
c - Ozocubu's Armour      Ice            19%        N/A       7%          3
d - Hailstorm             Conj/Ice       19%        3d6       22%         4
e - Summon Ice Beast      Ice/Summ       19%        N/A       22%         4
f - Foxfire               Conj/Fire      76%        2x1d7     2%          1
Your spell library was empty.

Dungeon Overview and Level Annotations

Branches:
Dungeon (2/15)

Altars:


Innate Abilities, Weirdness & Mutations

You are immune to poison.
Your flesh is very heat resistant. (rF++)
You are vulnerable to cold. (rC-)
You float through the air rather than walking.
You learn spells naturally, not from books.
Your magical power is your life essence.
You have superior vitality. (+4 HP)


Message History

The hobgoblin hits you but does no damage.
A gnoll comes into view. It is wielding a +0 halberd.
Casting: Freeze (safe; 2% risk of failure)
Confirm with . or Enter, or press ? or * to list all spells.
The spell is quite dangerous to cast (8% risk of failure)!
Continue anyway?
Casting: Frozen Ramparts (quite dangerous; 8% risk of failure)
Press: ? - help, Dir - look around, f - activate The walls around you are covered in ice.
The wall freezes the hobgoblin.
You kill the hobgoblin!
The wall freezes the gnoll.
The gnoll hits you from afar with a +0 spear.
The wall freezes the jackal.
The jackal pauses to sniff the ground.
Casting: Frozen Ramparts (quite dangerous; 8% risk of failure)
Confirm with . or Enter, or press ? or * to list all spells.
The spell is quite dangerous to cast (8% risk of failure)!
Continue anyway?
Okay, then.
The wall freezes the jackal.
The wall freezes the gnoll.
The gnoll barely misses you.
The wall freezes the gnoll.
The wall freezes the jackal.
You kill the jackal!
The wall freezes the gnoll. x2; The gnoll barely misses you.
The wall freezes the gnoll.
The gnoll hits you from afar with a +0 spear!
The wall freezes the gnoll. x2
The wall freezes the gnoll.
The gnoll hits you from afar with a +0 spear!
* * * LOW HITPOINT WARNING * * *
The wall freezes the gnoll.
You kill the gnoll!
The wall freezes the gnoll.
Unknown command.
The wall freezes the gnoll.
You kill the gnoll!
The wall freezes the gnoll.
An adder comes into view.
The wall freezes the gnoll.
The gnoll hits you from afar with a +0 halberd!
You die...

#.....#####.###.##
##.###
#.....##....#...#
#...#
#.............###
###..
###............##
##.
#.g..h.........#
+.
#..#..####.)###.#
##. #. #.# ##g#
#..# # #.. #.. #.#
##... #...# #. #@#
##.# #.#.. ## #.#
.. #..#.# ..# ...
#. S..# ## #.
....# ####.# #.#
#.#


You could see a gnoll and an adder (wandering).

Vanquished Creatures
  2 gnolls (D:2)
  6 ball pythons
  2 endoplasms
  3 giant cockroaches (D:1)
  2 hobgoblins (D:2)
  A jackal (D:2)
  A kobold (D:1)
  A quokka (D:2)
  5 frilled lizards
  5 goblins
  4 rats
32 creatures vanquished.

Notes
Turn   | Place    | Note
-------+----------+-------------------------------------------
     0 | D:1      | robertstho the Djinni Ice Elementalist began the quest for
                  | the Orb.
     0 | D:1      | Reached XP level 1. HP: 15/15 MP: 0/0
   460 | D:1      | Found a faded altar of an unknown god.
   466 | D:1      | Reached XP level 2. HP: 20/22 MP: 0/0
   682 | D:1      | Reached skill level 4 in Spellcasting
  1756 | D:2      | Reached XP level 3. HP: 9/26 MP: 0/0
  1756 | D:2      | Learned a level 1 spell: Foxfire
  2278 | D:2      | Slain by a gnoll

Illustrated notes

Levels and vault maps discovered:
D:1:      lightli_arrival_isolated_outpost, layout_basic,
          chequers_ecumenical_altar_simple_redux, glass_columns_b
D:2:      cheibrodos_greedy_goblins, layout_basic, minmay_close_crescents

Skill      XL: |  1  2 |
---------------+-------+-----
Spellcasting   | 4 |  4.5
Fighting       | |  0.7
Dodging        | |  2.2
Stealth        | |  1.6
Unarmed Combat | |  0.2

Action                   || total
-------------------------++-------
Melee: Unarmed           ||    11
       Dagger            ||    12
       Short sword       ||    20
 Cast: Freeze            ||    26
       Frozen Ramparts   ||     1
 Stab: Sleeping          ||     7
Armor: Robe              ||    13
Dodge: Dodged            ||    39

Table legend: (Time is in decaauts)
 A = Elapsed time spent in this place.
 B = Non-inter-level travel time spent in this place.
 C = Inter-level travel time spent in this place.
 D = Time resting spent in this place.
 E = Time spent auto-exploring this place.
 F = Levels seen in this place.
 G = Mean time per level.
                   A        B        C        D        E       F      G
               +--------+--------+--------+--------+--------+-----+--------+
         Total |   2278 |   2255 |     23 |      0 |   2046 |   2 | 1139.0 |
       Dungeon |   2278 |   2255 |     23 |      0 |   2046 |   2 | 1139.0 |
               +--------+--------+--------+--------+--------+-----+--------+

Top non-repeatable levels by time:
     D:1: 1689 daAuts
     D:2: 589 daAuts
